 Dungeon Crawl Stone Soup version 0.27-a0-1200-g94dc6ad4cf (webtiles) character file.

Game seed: 16670626277313323284

9954 Lanoc the Gelid (level 11, -3/68 HPs)
             Began as a Barachi Ice Elementalist on May 31, 2021.
             Was an Elder of Vehumet.
             Shot with an arrow by a centaur (14 damage)
             ... on level 10 of the Dungeon.
             The game lasted 00:25:18 (13059 turns).

Lanoc the Gelid (Barachi Ice Elementalist)         Turns: 13059, Time: 00:25:18

Health: -3/68      AC:  6    Str: 10    XL:     11   Next: 54%
Magic:  12/14      EV: 18    Int: 19    God:    Vehumet [****..]
Gold:   481        SH:  0    Dex: 16    Spells: 4/14 levels left

rFire    + . .     SeeInvis +   b - +9 long sword "Haizet" {vorpal, rN+ Will+ Dex+4}
rCold    . . .     Faith    .   (no shield)
rNeg     + . .     Spirit   .   H - +0 steam dragon scales
rPois    +         Reflect  .   (no helmet)
rElec    .         Harm     .   j - +0 cloak {rPois}
rCorr    .         Rampage  .   (no gloves)
Will     +....                  (no boots)
Stlth    ++........             (no amulet)
HPRegen  0.21/turn              A - ring of protection from fire
MPRegen  0.14/turn              f - ring of see invisible

@: freezing walls, slow
A: amphibious, slowness 1, strong legs 1, +LOS
a: Hop, Renounce Religion


You were on level 10 of the Dungeon.
You worshipped Vehumet.
Vehumet was greatly pleased with you.
You visited 1 branch of the dungeon, and saw 10 of its levels.
You also visited: Sewer and Bailey.

You collected 481 gold pieces.

Inventory:

Hand Weapons
 b - the +9 long sword "Haizet" (weapon) {vorpal, rN+ Will+ Dex+4}
   (You found it on level 6 of the Dungeon)

   It inflicts extra damage upon your enemies.
   It affects your dexterity (+4).
   It protects you from negative energy.
   It increases your willpower.
Missiles
 p - 2 curare-tipped darts
Armour
 j - a +0 cloak of poison resistance (worn)
 u - the +10 plate armour "Ryre" {Str+6 Dex+2}
   (You found it on level 6 of the Dungeon)

   It affects your strength (+6).
   It affects your dexterity (+2).
 H - +0 steam dragon scales (worn)
 I - a scarf of repulsion
 J - a +0 kite shield
Magical Staves
 a - a staff of cold
Jewellery
 f - a ring of see invisible (right hand)
 A - a ring of protection from fire (left hand)
Wands
 s - a wand of polymorph (8)
 v - a wand of iceblast (15)
Scrolls
 c - 2 scrolls of brand weapon
 e - a scroll of acquirement {unknown}
 g - 2 scrolls of amnesia
 h - 2 scrolls of teleportation
 n - 2 scrolls of blinking
 r - 3 scrolls of noise {unknown}
 x - 3 scrolls of vulnerability {unknown}
 y - a scroll of holy word {unknown}
 B - a scroll of torment {unknown}
 D - a scroll of fear {unknown}
Potions
 d - 4 potions of haste
 i - 7 potions of curing
 k - a potion of berserk rage {unknown}
 l - a potion of cancellation
 m - 7 potions of heal wounds
 o - 3 potions of brilliance
 q - 4 potions of flight
 t - a potion of resistance {unknown}
 w - 8 potions of might
 z - 4 potions of magic {unknown}
 C - a potion of lignification {unknown}
 E - 3 potions of mutation {unknown}
 F - a potion of experience {unknown}
 G - 2 potions of invisibility


   Skills:
 + Level 11.3 Dodging
 - Level 1.7 Stealth
 - Level 2.1 Spellcasting
 * Level 16.7 Ice Magic


You had 4 spell levels left.
You knew the following spells:

 Your Spells              Type           Power      Damage    Failure   Level
b - Frozen Ramparts       Ice            100%       1d12      1%          3
c - Ozocubu's Armour      Ice            60%        N/A       1%          3
d - Hailstorm             Conj/Ice       33%        3d8       1%          4

Your spell library contained the following spells:

 Spells                   Type           Power      Damage    Failure   Level
 Orb of Destruction       Conj           1%         N/A       100%        7
 Freeze                   Ice            100%       1d11      0%          1
 Magic Dart               Conj           8%         1d3       4%          1
 Ice Form                 Ice/Tmut       33%        N/A       5%          4
 Searing Ray              Conj           4%         3d3       7%          2
 Dazzling Flash           Conj/Hex       4%         N/A       13%         3
 Beastly Appendage        Tmut           4%         N/A       17%         1
 Wereblood                Tmut           2%         N/A       26%         2
 Fulminant Prism          Conj/Hex       1%         3d6       38%         4
 Iskenderun's Mystic Bla  Conj/Tloc      2%         2d3       38%         4
 Confusing Touch          Hex            2%         N/A       45%         3
 Gell's Gravitas          Tloc           1%         N/A       45%         3
 Spider Form              Tmut/Pois      1%         N/A       45%         3
 Petrify                  Tmut/Erth      2%         N/A       86%         4
 Metabolic Englaciation   Hex/Ice        16%        N/A       14%         5
 Yara's Violent Unravell  Hex/Tmut       1%         3d3       71%         5
 Hydra Form               Tmut           1%         N/A       99%         5


Dungeon Overview and Level Annotations

Branches:
Dungeon (10/15)            Temple (0/1) D:5            Lair (0/6) D:9
  Sewer (visited)          Bailey (visited)
    Orc: D:9-12

Altars:
Dithmenos
Hepliaklqana
Kikubaaqudgha
Okawaru
Ru
Sif Muna
Trog
Uskayaw
Vehumet
Xom

Shops:
D:2 (


Innate Abilities, Weirdness & Mutations

You are amphibious.
You cover ground slowly.
You can hop short distances.
You have an extended range of vision and can be seen from far away.


Message History

The troll barely misses you.
The wall freezes the yak.
The yak gores you!
The vampire resists.
The wall freezes the vampire.
You barely miss the troll.
The troll is severely wounded.
The wall freezes the troll.
The troll barely misses you. x2
The troll misses you.
The wall freezes the yak.
The yak misses you.
You riposte.
You slash the yak!
You kill the yak!
Vehumet accepts your kill.
You feel your power returning.
The vampire resists.
The wall freezes the vampire.
The wall freezes the troll.
The troll bites you. The troll completely misses you. The troll claws you!
You hit the vampire.
The vampire is almost destroyed.
The vampire resists.
The wall freezes the vampire.
The vampire draws life force from you.
The vampire is healed by the life force!
The wall freezes the troll!
You kill the troll!
Vehumet accepts your kill.
The centaur shouts!
You hit the vampire.
You destroy the vampire!
Vehumet accepts your kill.
The centaur wields a +4 shortbow.
The centaur shoots an arrow.
The arrow closely misses you.
The centaur shoots an arrow.
The arrow hits you!
* * * LOW HITPOINT WARNING * * *
Your frozen ramparts will break if you move.
Continue?
The frozen ramparts melt away as you move.
You start resting.
A centaur is nearby!
Casting: Frozen Ramparts (safe; 1% risk of failure)
Confirm with . or Enter, or press ? or * to list all spells.
Casting: Frozen Ramparts (safe; 1% risk of failure)
Press: ? - help, Dir - look around, f - activate The walls around you are covered in ice.
The wall freezes the centaur!
The centaur shoots an arrow.
The arrow hits you!
* * * LOW HITPOINT WARNING * * *
The wall freezes the centaur.
The centaur shoots an arrow.
The arrow hits you!
You die...

# ##.# ##c..##
#..V... ..l.#
###).## ###c'...#
###.†.##..# #.....@#
.... ##..#..## ..##
#.#.#......# ## ###
#...##..)### ..
###...#.#'#.# ...
.##...###...##
.#.###.##.#...##..)#
......##.#....#.#'##
#..#..##.#.#..###..#


You could see a centaur.

Vanquished Creatures
  A two-headed ogre (D:10)
  Pikel (D:6)
  An orc knight (Bailey)
  A gargoyle (D:10)
  An unseen horror (D:10)
  Psyche (D:8)
  A komodo dragon (D:9)
  A troll (D:10)
  A slime creature (D:6)
  A wraith (D:5)
  A vampire (D:10)
  14 yaks
  A wyvern (D:10)
  A steam dragon (D:9)
  Edmund (D:6)
  An acid dragon (D:9)
  4 water moccasins
  6 orc warriors
  3 sky beasts
  A necrophage (D:5)
  A lemure (D:6)
  4 centaurs
  A phantom (D:5)
  6 kobold brigands
  Blork the orc (D:9)
  3 bullfrogs
  A gnoll sergeant (D:9)
  5 scorpions
  A water moccasin skeleton (D:3)
  9 wights
  3 howler monkeys
  A bullfrog zombie (D:5)
  A centaur zombie (D:8)
  4 hounds
  3 orc priests
  Crazy Yiuf (D:2)
  3 centaur skeletons
  2 iguanas
  4 orc wizards
  14 gnolls
  7 adders
  2 white imps
  4 worms
  An adder skeleton (D:4)
  2 dart slugs
  26 orcs
  9 ball pythons
  4 endoplasms
  A giant cockroach (Sewer)
  11 goblins
  18 hobgoblins
  13 jackals
  25 kobolds
  2 quokkas
  10 bats
  2 frilled lizards (D:1)
  11 rats
259 creatures vanquished.

Vanquished Creatures (others)
  23 fungi (D:9)
  31 plants
54 creatures vanquished.

Grand Total: 313 creatures vanquished

Notes
Turn   | Place    | Note
-------+----------+-------------------------------------------
     0 | D:1      | Lanoc the Barachi Ice Elementalist began the quest for the
                  | Orb.
     0 | D:1      | Reached XP level 1. HP: 13/13 MP: 3/3
   311 | D:1      | Reached skill level 5 in Ice Magic
   402 | D:1      | Found a faded altar of an unknown god.
   407 | D:1      | Reached XP level 2. HP: 18/19 MP: 0/5
   436 | D:1      | Became a worshipper of Vehumet
   436 | D:1      | Reached * piety under Vehumet
   436 | D:1      | Offered knowledge of Sandblast by Vehumet.
  1185 | D:2      | Reached XP level 3. HP: 21/24 MP: 3/6
  1197 | D:2      | Learned a level 3 spell: Frozen Ramparts
  1378 | D:2      | Reached skill level 6 in Ice Magic
  1472 | D:2      | Reached XP level 4. HP: 30/30 MP: 3/7
  1867 | D:2      | Found a bloodstained altar of Trog.
  2023 | D:2      | Found a runed translucent door.
  2024 | D:2      | Noticed Crazy Yiuf
  2040 | D:2      | Found Zakoupri's Antique Weapon Boutique.
  2435 | D:2      | Killed Crazy Yiuf
  2756 | D:3      | Reached XP level 5. HP: 25/35 MP: 8/8
  3023 | D:3      | Learned a level 3 spell: Ozocubu's Armour
  3252 | D:3      | Reached skill level 7 in Ice Magic
  3323 | D:3      | Reached ** piety under Vehumet
  3479 | D:3      | Found an iron altar of Okawaru.
  3479 | D:3      | Found a shimmering blue altar of Sif Muna.
  3792 | D:3      | Offered knowledge of Searing Ray by Vehumet.
  4097 | D:4      | Reached XP level 6. HP: 41/41 MP: 6/9
  4111 | D:4      | Found a radiant altar of Vehumet.
  4175 | D:4      | Reached skill level 8 in Ice Magic
  4209 | D:4      | Found a sacrificial altar of Ru.
  4932 | D:4      | Reached XP level 7. HP: 41/46 MP: 7/10
  5045 | D:5      | Entered Level 5 of the Dungeon
  5060 | D:5      | Reached skill level 5 in Dodging
  5447 | D:5      | Reached skill level 9 in Ice Magic
  5605 | D:5      | Found a staircase to the Ecumenical Temple.
  5649 | D:5      | Offered knowledge of Dazzling Flash by Vehumet.
  5710 | D:5      | HP: 2/46 [something (5)]
  5712 | D:5      | Reached XP level 8. HP: 8/52 MP: 7/11
  6237 | D:5      | Noticed a wraith
  6246 | D:5      | Killed a wraith
  6247 | D:5      | Reached skill level 10 in Ice Magic
  6535 | D:6      | Noticed Edmund
  6544 | D:6      | Killed Edmund
  6549 | D:6      | Identified the +9 long sword "Haizet" {vorpal, rN+ Will+
                  | Dex+4}
  6557 | D:6      | Identified the +10 plate armour "Ryre" {Str+6 Dex+2}
  6590 | D:6      | Identified the +1 ring mail of the Undertaker {rF- Will-
                  | Str+9 Int+5}
  6647 | D:6      | Found a glowing drain.
  6670 | Sewer    | Entered a sewer
  6741 | Sewer    | Reached skill level 11 in Ice Magic
  7046 | Sewer    | Reached *** piety under Vehumet
  7407 | D:6      | Found a hide-covered altar of Uskayaw.
  7410 | D:6      | Found an ancient bone altar of Kikubaaqudgha.
  7410 | D:6      | Found a shimmering altar of Xom.
  7420 | D:6      | Reached XP level 9. HP: 57/57 MP: 10/12
  7424 | D:6      | Offered knowledge of Sticky Flame by Vehumet.
  7430 | D:6      | Learned a level 4 spell: Hailstorm
  7591 | D:6      | Reached skill level 12 in Ice Magic
  7850 | D:6      | Noticed Pikel
  7857 | D:6      | Killed Pikel
  8109 | D:6      | Reached skill level 13 in Ice Magic
  8253 | D:7      | Identified the +7 long sword of Tuhena {vorpal, Dex+3}
  9371 | D:7      | Found a hazy altar of Hepliaklqana.
  9375 | D:7      | Found a shadowy altar of Dithmenos.
  9404 | D:8      | Reached **** piety under Vehumet
  9405 | D:8      | Reached XP level 10. HP: 60/63 MP: 8/13
  9411 | D:8      | Reached skill level 14 in Ice Magic
  9414 | D:8      | Offered knowledge of Iskenderun's Battlesphere by Vehumet.
  9440 | D:8      | Found a flagged portal.
  9478 | Bailey   | Entered a bailey
  9628 | Bailey   | Noticed an orc knight
  9831 | Bailey   | Killed an orc knight
 10163 | D:8      | Noticed Psyche
 10169 | D:8      | Killed Psyche
 10341 | D:8      | Reached skill level 10 in Dodging
 10781 | D:9      | Noticed Blork the orc
 10784 | D:8      | Reached skill level 15 in Ice Magic
 11290 | D:9      | Found a staircase to the Lair.
 11318 | D:9      | Reached XP level 11. HP: 37/68 MP: 12/14
 11550 | D:9      | Reached ***** piety under Vehumet
 11613 | D:9      | Reached skill level 16 in Ice Magic
 11696 | D:9      | Offered knowledge of Orb of Destruction by Vehumet.
 12348 | D:9      | Identified the -1 pair of gloves of the Burning Slorg
                  | {Rampage rElec Str+4 Dex-4}
 12361 | D:9      | Killed Blork the orc
 12656 | D:10     | Entered Level 10 of the Dungeon
 12710 | D:10     | Noticed a two-headed ogre
 12715 | D:10     | Killed a two-headed ogre
 13059 | D:10     | Shot with an arrow by a centaur

Illustrated notes

Levels and vault maps discovered:
D:1:      nagdon_arrival_double_spiral, layout_basic, basic_ecumenical_altar,
          hangedman_abyss_or_decor_stabs
D:2:      wad_lake_hut, layout_loops_cross, basic_altar, serial_shops,
          shop_fountains, uniq_crazy_yiuf_cottage
D:3:      layout_loops_ring, gammafunk_temple_overflow_elements,
          kennysheep_big_empty_room
D:4:      layout_basic, nicolae_overflow_crystal_walls, hangedman_ru_absence,
          cheibrodos_gnoll_hut
D:5:      layout_basic, minmay_temple_entry_glass, grunt_ministairs_5,
          moated_statue
D:6:      layout_loops_ring, grunt_temple_overflow_open,
          cheibrodos_sewer_entry_sluice, minivault_23, minmay_misc_feat_tiny,
          uniq_edmund, uniq_pikel
D:7:      layout_loops_corners, riverfiend_overflow_shadow_ancestor
D:8:      layout_basic, enter_bailey_5, uniq_psyche
D:9:      layout_basic, due_lair_maze_entry_diamond, sword_in_stone
D:10:     minmay_slanted_spiral_squares, layout_loops_cross,
          nicolae_trove_entry_free_sample

Skill      XL: |  1  2  3  4  5  6  7  8  9 10 11 |
---------------+----------------------------------+-----
Ice Magic      | 5 6 7 8 9 11 13 15 16 | 16.7
Dodging        | 3 4 5 7 9 10 11 | 11.3
Stealth        | |  1.7
Spellcasting   | |  2.1

Action                   |  1- 3 |  4- 6 |  7- 9 | 10-12 || total
-------------------------+-------+-------+-------+-------++-------
Melee: Unarmed           |    22 |    13 |       |       ||    35
       Quarterstaff      |       |    52 |    31 |       ||    83
       Long sword        |       |       |    79 |   105 ||   184
       Staff             |       |       |     1 |       ||     1
 Cast: Freeze            |    42 |    15 |     5 |       ||    62
       Frozen Ramparts   |     2 |    33 |    30 |    34 ||    99
       Ozocubu's Armour  |       |       |     3 |     8 ||    11
       Hailstorm         |       |       |       |     4 ||     4
 Abil: Hop               |     2 |       |     2 |     1 ||     5
  Use: Potion            |       |       |     1 |     2 ||     3
       Scroll            |       |       |    10 |     4 ||    14
 Stab: Sleeping          |       |     1 |     1 |       ||     2
Armor: Robe              |    13 |    19 |    18 |     9 ||    59
       Steam dragon scal |       |       |       |     8 ||     8
Dodge: Dodged            |    45 |    65 |   118 |   149 ||   377
       Rpst.: Long sword |       |       |    25 |    27 ||    52

Table legend: (Time is in decaauts)
 A = Elapsed time spent in this place.
 B = Non-inter-level travel time spent in this place.
 C = Inter-level travel time spent in this place.
 D = Time resting spent in this place.
 E = Time spent auto-exploring this place.
 F = Levels seen in this place.
 G = Mean time per level.
                   A        B        C        D        E       F      G
               +--------+--------+--------+--------+--------+-----+--------+
         Total |  14480 |  14017 |    463 |    382 |  11842 |  12 | 1206.7 |
       Dungeon |  13186 |  12723 |    463 |    382 |  10791 |  10 | 1318.6 |
         Sewer |    715 |    715 |      0 |      0 |    580 |   1 |  715.0 |
        Bailey |    579 |    579 |      0 |      0 |    470 |   1 |  579.0 |
               +--------+--------+--------+--------+--------+-----+--------+

Top non-repeatable levels by time:
     D:2: 1707 daAuts
     D:5: 1681 daAuts
     D:9: 1666 daAuts
     D:3: 1500 daAuts
     D:7: 1438 daAuts
     D:8: 1345 daAuts
     D:1: 1302 daAuts
     D:4: 1084 daAuts
     D:6: 1041 daAuts
   Sewer: 715 daAuts
  Bailey: 579 daAuts
    D:10: 418 daAuts
